 Dungeon Crawl Stone Soup version 0.29.1-15-g9cfb28693d (webtiles) character file.

Game seed: 13230241618884559971

23268 DemonSlayer the Geomancer (level 12, 0/81 HPs)
             Began as a Demonspawn Earth Elementalist on Apr 25, 2023.
             Was an Elder of Dithmenos.
             Slain by an elephant (16 damage)
             ... on level 3 of the Lair of Beasts.
             The game lasted 00:35:20 (16059 turns).

DemonSlayer the Geomancer (DsEE)                   Turns: 16059, Time: 00:35:21

Health: 0/81       AC: 18    Str:  9    XL:     12   Next: 70%
Magic:  0/27       EV: 18    Int: 16    God:    Dithmenos [****..]
Gold:   408        SH:  4    Dex: 19    Spells: 6/33 levels left

rFire   . . .      SeeInvis .   q - +7 dagger (chaos)
rCold   . . .      Faith    .   (no shield)
rNeg    . . .      Spirit   +   h - +0 troll leather armour
rPois   .          Reflect  .   (no helmet)
rElec   .          Harm     .   l - +0 cloak
rCorr   +          Rampage  .   (no gloves)
Will    .....                   v - +0 pair of boots
Stlth   ++++......              A - amulet of magic regeneration
HPRegen 1.03/turn               t - +4 ring of evasion
MPRegen 0.80/turn               m - ring of resist corrosion

@: hasted, wreathed by umbra, very quick
A: yellow scales 2, icemail 2, magic shield, magic regeneration, magic link,
condensation shield, weakness stinger 1
a: Renounce Religion, Shadow Step


You were on level 3 of the Lair of Beasts.
You worshipped Dithmenos.
Dithmenos was greatly pleased with you.
You visited 3 branches of the dungeon, and saw 16 of its levels.

You collected 708 gold pieces.
You spent 300 gold pieces at shops.

Inventory:

Hand Weapons
 q - a +7 dagger of chaos (weapon)
Missiles
 r - 2 throwing nets
 D - 3 silver javelins
Armour
 h - a +0 troll leather armour (worn)
 l - a +0 cloak (worn)
 v - a +0 pair of boots (worn)
Jewellery
 b - an amulet of regeneration
 m - a ring of resist corrosion (right hand)
 p - a ring of flight
 t - a +4 ring of evasion (left hand)
 A - an amulet of magic regeneration (around neck)
Wands
 a - a wand of light (10)
 d - a wand of paralysis (9)
 s - a wand of flame (42)
 u - a wand of roots (10)
 y - a wand of polymorph (4)
Scrolls
 g - 6 scrolls of teleportation
 i - 2 scrolls of magic mapping
 n - 2 scrolls of amnesia
 z - 3 scrolls of fear
 E - a scroll of identify
Potions
 c - a potion of lignification
 e - a potion of curing
 j - 6 potions of brilliance
 o - 3 potions of mutation {unknown}
 w - 6 potions of flight
 x - 2 potions of degeneration {unknown}
 B - 4 potions of berserk rage {unknown}
 C - a potion of attraction {unknown}


   Skills:
 + Level 3.4 Fighting
 + Level 2.4 Short Blades
 + Level 3.8 Armour
 + Level 4.9 Dodging
 + Level 5.3 Stealth
 + Level 2.4 Shields
 + Level 11.2 Spellcasting
 + Level 8.1 Conjurations
 + Level 0.8 Transmutations
 + Level 0.6 Ice Magic
 + Level 11.8 Earth Magic


You had 6 spell levels left.
You knew the following spells:

 Your Spells              Type           Power      Damage    Failure   Level
a - Sandblast             Erth           92%        2d19      1%          1
b - Passwall              Tmut/Erth      24%        N/A       1%          2
c - Stone Arrow           Conj/Erth      82%        3d12      1%          3
d - Mephitic Cloud        Conj/Pois/Air  17%        N/A       11%         3
e - Ensorcelled Hibernat  Hex/Ice        20%        N/A       14%         2
f - Petrify               Tmut/Erth      29%        N/A       8%          4
g - Frozen Ramparts       Ice            22%        1d4       26%         3
h - Hailstorm             Conj/Ice       23%        3d7       19%         4
i - Borgnjor's Vile Clut  Necr/Erth      14%        N/A       26%         5

Your spell library contained the following spells:

 Spells                   Type           Power      Damage    Failure   Level
 Magic Dart               Conj           100%       1d8       1%          1
 Freeze                   Ice            44%        1d6       9%          1
 Animate Armour           Summ/Erth      56%        N/A       10%         4
 Poisonous Vapours        Pois/Air       18%        N/A       16%         2
 Call Imp                 Summ           9%         N/A       17%         2
 Sublimation of Blood     Necr           9%         N/A       17%         2
 Ozocubu's Armour         Ice            11%        N/A       26%         3
 Spider Form              Tmut/Pois      10%        N/A       26%         3
 Irradiate                Conj/Tmut      11%        3d15      43%         5
 Anguish                  Hex/Necr       4%         N/A       71%         4
 Corpse Rot               Necr/Pois/Air  9%         N/A       71%         4
 Animate Dead             Necr           9%         N/A       73%         4
 Death Channel            Necr           4%         N/A       100%        6
 Ozocubu's Refrigeration  Ice            5%         4d8       100%        7
 Lehudib's Crystal Spear  Conj/Erth      20%        10d6      100%        8


Dungeon Overview and Level Annotations

Branches:
Dungeon (12/15)            Temple (1/1) D:4            Lair (3/5) D:10
 Shoals (0/4) Lair:3       Spider (0/4) Lair:2          Orc (0/2) D:12

Altars:
Ashenzari
Cheibriados
Dithmenos
Fedhas
Gozag
Hepliaklqana
Kikubaaqudgha
Makhleb
Nemelex Xobeh
Okawaru
Qazlal
Ru
Sif Muna
Trog
Uskayaw
Vehumet
Yredelemnul

Shops:
D:2 (   D:3 ==[   D:9 ?


Innate Abilities, Weirdness & Mutations

You are mostly covered in yellow scales. (AC +3)
A meltable icy envelope protects you from harm. (AC +8)
When hurt, damage is shared between your health and your magic reserves.
You regenerate magic rapidly.
When low on magic, you restore magic in place of health.
A meltable shield of frost defends you. (SH +4)
You have a small tail.


Message History

No target in view!
No target in view!
No target in view!
You barely miss something. You block something's attack.
Something barely misses you. Something tramples you!!
You stumble backwards!
You hit something. Something tramples you!
You hold your ground!
Something closely misses you.
You barely miss something.
Your tail-slap misses something.
You punch something.
Something tramples you but does no damage.
Something closely misses you.
You hit something. Something closely misses you.
Something trunk-slaps you but does no damage.
Something tramples you!!
You hold your ground!
Something trunk-slaps you but does no damage.
You closely miss something. You tail-slap something.
Something barely misses you.
Something trunk-slaps you but does no damage.
You hit something. Something tramples you!
* * * LOW HITPOINT WARNING * * *
You hold your ground!
Something trunk-slaps you but does no damage.
You barely miss something. Something tramples you!!
* * * LOW HITPOINT WARNING * * *
You hold your ground!
Something trunk-slaps you but does no damage.
Something barely misses you.
Something trunk-slaps you but does no damage.
You hit something. You freeze something. Something tramples you.
* * * LOW HITPOINT WARNING * * *
You hold your ground!
Something trunk-slaps you but does no damage.
You feel much better. Something closely misses you.
Something trunk-slaps you but does no damage.
Something tramples you!
* * * LOW HITPOINT WARNING * * *
You hold your ground!
Something trunk-slaps you but does no damage.
You feel yourself speed up. Something tramples you!!
You die...

.............
......Y.....
...Y....... ###
......$... ###.###
.......# #....P#
.....## ##@....##
##.....##
###..{†...###P......#
#.....<†...#P........
#....................
#P.................###
##P...........#....#
#.................##
#................##
#................#


There were no monsters in sight!

Vanquished Creatures
  Fannar (Lair:2)
  A hydra (D:11)
  2 two-headed ogres (D:12)
  The ghost of JosephusMaximus the Devastator, a journeyman DECj of the Shining One (D:11)
  An orb spider (Lair:2)
  An orange crystal statue (D:11)
  An ugly thing (D:11)
  The ghost of Seidenschwarz the Cutter, a novice HuHu (D:6)
  A deep elf pyromancer (D:12)
  4 slime creatures (D:12)
  A cyclops (D:11)
  2 elephants (Lair:3)
  Joseph (D:7)
  2 kobold demonologists (D:12)
  10 cane toads
  A gargoyle (D:12)
  A komodo dragon (Lair:2)
  An unseen horror (D:12)
  3 trolls
  A polar bear (Lair:1)
  A hornet (D:8)
  Grinder (D:5)
  Sigmund (D:3)
  Eustachio (D:4)
  20 yaks
  A vampire (D:9)
  A wraith (D:10)
  3 wyverns
  2 basilisks
  2 vampire mosquitoes (D:12)
  An acid dragon (D:11)
  3 hell hounds (D:12)
  5 water moccasins
  7 orc warriors
  A sky beast (D:7)
  An ice beast (D:7)
  2 black bears
  2 ogres
  4 centaurs
  A kobold brigand (D:7)
  2 phantoms
  17 bullfrogs
  A gnoll sergeant (D:8)
  4 scorpions
  A necrophage (D:6)
  5 wights (D:8)
  6 killer bees
  2 electric eels (D:9)
  A howler monkey (D:11)
  2 jellies
  A hound (D:5)
  6 orc priests
  A gnoll bouda (D:10)
  4 iguanas
  17 orc wizards
  10 gnolls
  5 adders
  A shadow imp (D:7)
  2 white imps (D:7)
  An ufetubus (D:4)
  A worm (D:5)
  2 dart slugs (D:5)
  43 orcs
  5 endoplasms
  3 giant cockroaches
  11 goblins
  8 hobgoblins
  2 jackals (D:5)
  3 quokkas
  4 ball pythons
  5 bats
  7 frilled lizards
  12 kobolds
  3 rats
295 creatures vanquished.

Vanquished Creatures (others)
  A bush (D:6)
  5 fungi
  13 plants
19 creatures vanquished.

Grand Total: 314 creatures vanquished

Notes
Turn   | Place    | Note
-------+----------+-------------------------------------------
     0 | D:1      | DemonSlayer the Demonspawn Earth Elementalist began the
                  | quest for the Orb.
     0 | D:1      | Reached XP level 1. HP: 13/13 MP: 3/3
   147 | D:1      | Gained mutation: A meltable shield of frost defends you.
                  | (SH +4) [demonic ancestry]
   147 | D:1      | Reached XP level 2. HP: 17/19 MP: 0/5
   633 | D:1      | Found a faded altar of an unknown god.
   883 | D:1      | Gained mutation: You regenerate magic rapidly. [demonic
                  | ancestry]
   883 | D:1      | Reached XP level 3. HP: 19/24 MP: 3/6
  1165 | D:1      | Learned a level 2 spell: Passwall
  1169 | D:1      | Learned a level 3 spell: Stone Arrow
  1277 | D:2      | Found a bloodstained altar of Trog.
  1672 | D:2      | Found Cosaba Vixel's Weapon Boutique.
  2066 | D:3      | Found Doude's Jewellery Emporium.
  2083 | D:3      | Gained mutation: When hurt, damage is shared between your
                  | health and your magic reserves. [demonic ancestry]
  2083 | D:3      | Reached XP level 4. HP: 30/30 MP: 4/7
  2300 | D:3      | Found Raopryroz's Jewellery Shop.
  3000 | D:3      | Found Hyfu's Antique Armour Shop.
  3235 | D:3      | Noticed Sigmund
  3242 | D:3      | Killed Sigmund
  3243 | D:3      | Reached skill level 5 in Earth Magic
  3243 | D:3      | Gained mutation: A meltable icy envelope protects you from
                  | harm. (AC +8) [demonic ancestry]
  3243 | D:3      | Reached XP level 5. HP: 18/35 MP: 1/10
  3243 | D:3      | Gained mutation: A meltable icy envelope protects you from
                  | harm. (AC +8) [demonic ancestry]
  3243 | D:3      | Reached XP level 6. HP: 21/41 MP: 1/11
  3946 | D:3      | Learned a level 3 spell: Mephitic Cloud
  3949 | D:3      | Learned a level 2 spell: Ensorcelled Hibernation
  4378 | D:4      | Found a staircase to the Ecumenical Temple.
  4390 | Temple   | Entered the Ecumenical Temple
  4471 | Temple   | Became a worshipper of Dithmenos the Shadowed
  4683 | D:4      | Noticed Eustachio
  5298 | D:4      | Killed Eustachio
  5299 | D:4      | Gained mutation: You are partially covered in yellow
                  | scales. (AC +2) [demonic ancestry]
  5299 | D:4      | Reached XP level 7. HP: 33/46 MP: 6/13
  5402 | D:5      | Entered Level 5 of the Dungeon
  5754 | D:5      | Reached skill level 5 in Spellcasting
  5828 | D:5      | Reached skill level 1 in Fighting
  5886 | D:5      | Reached * piety under Dithmenos
  6341 | D:5      | Gained mutation: You are mostly covered in yellow scales.
                  | (AC +3) [demonic ancestry]
  6341 | D:5      | Reached XP level 8. HP: 54/54 MP: 15/15
  6480 | D:5      | Found a sparkling altar of Nemelex Xobeh.
  6481 | D:5      | Found an opulent altar of Gozag.
  6549 | D:5      | Noticed Grinder
  6553 | D:5      | Killed Grinder
  6910 | D:5      | Learned a level 4 spell: Petrify
  6914 | D:5      | Learned a level 3 spell: Frozen Ramparts
  7084 | D:6      | Reached skill level 1 in Short Blades
  7117 | D:6      | Found a runed translucent door.
  7118 | D:6      | Noticed Seidenschwarz's ghost (novice HuHu)
  7320 | D:6      | Found a blossoming altar of Fedhas.
  7747 | D:7      | Reached ** piety under Dithmenos
  8039 | D:7      | Reached XP level 9. HP: 56/59 MP: 18/18
  8069 | D:7      | Found a burning altar of Makhleb.
  8113 | D:7      | Reached skill level 1 in Shields
  8297 | D:7      | Reached skill level 1 in Armour
  8302 | D:7      | Noticed Joseph
  8317 | D:7      | Killed Joseph
  8923 | D:7      | Learned a level 4 spell: Hailstorm
  9098 | D:3      | Bought an amulet of regeneration for 300 gold pieces
  9709 | D:8      | Gained mutation: When low on magic, you restore magic in
                  | place of health. [demonic ancestry]
  9709 | D:8      | Reached XP level 10. HP: 63/67 MP: 17/22
 10094 | D:9      | Reached *** piety under Dithmenos
 10463 | D:9      | Reached skill level 1 in Conjurations
 10470 | D:9      | Found Xiocuoka's Magic Scroll Shop.
 11396 | D:9      | Found an iron altar of Okawaru.
 11764 | D:10     | Entered Level 10 of the Dungeon
 12037 | D:10     | Found a staircase to the Lair.
 12372 | D:10     | Reached skill level 10 in Earth Magic
 12837 | D:10     | Learned a level 5 spell: Borgnjor's Vile Clutch
 12879 | D:11     | Gained mutation: You have a small tail. [demonic ancestry]
 12879 | D:11     | Reached XP level 11. HP: 62/74 MP: 2/24
 13026 | D:11     | Noticed a white ugly thing
 13032 | D:11     | Killed a white ugly thing
 13075 | D:11     | Noticed an orange crystal statue
 13091 | D:11     | Killed an orange crystal statue
 13182 | D:11     | Found a runed translucent door.
 13264 | D:11     | Reached skill level 5 in Conjurations
 13290 | D:11     | Noticed an eight-headed hydra
 13298 | D:11     | Killed an eight-headed hydra
 13369 | D:11     | Noticed JosephusMaximus's ghost (journeyman DECj)
 13508 | D:11     | Killed JosephusMaximus's ghost
 13755 | D:6      | Killed Seidenschwarz's ghost
 13908 | D:12     | Noticed a two-headed ogre
 13908 | D:12     | Found a staircase to the Orcish Mines.
 13917 | D:12     | Killed a two-headed ogre
 13970 | D:12     | Reached skill level 10 in Spellcasting
 14038 | D:12     | Noticed a two-headed ogre
 14043 | D:12     | Noticed a deep elf pyromancer
 14047 | D:12     | Killed a two-headed ogre
 14071 | D:12     | Killed a deep elf pyromancer
 14319 | D:12     | Reached **** piety under Dithmenos
 14453 | D:12     | Reached XP level 12. HP: 22/81 MP: 1/26
 14674 | Lair:1   | Entered Level 1 of the Lair of Beasts
 15408 | Lair:2   | Found a hole to the Spider Nest.
 15500 | Lair:2   | Reached skill level 5 in Stealth
 15535 | Lair:2   | Noticed Fannar
 15542 | Lair:2   | Killed Fannar
 15900 | Lair:3   | Found a staircase to the Shoals.
 16057 | Lair:3   | HP: 4/81 [something (2)]
 16059 | Lair:3   | Slain by an elephant

Illustrated notes

Levels and vault maps discovered:
D:1:      amcnicky_arrival_blooded_trapdoor, layout_loops_ring,
          chequers_ecumenical_altar_lobes, supply_closet_lemuel,
          minmay_tetromino_t2
D:2:      layout_loops_ring, basic_altar, serial_shops,
          nicolae_shop_bloodbath_and_beyond
D:3:      layout_basic, serial_shops, shop, shop, shop, skrybe_limestone_x,
          kennysheep_generic_room_15, uniq_sigmund
D:4:      layout_basic, minmay_temple_entry_purple_smoke, uniq_eustachio
D:5:      layout_basic, grunt_temple_overflow_opulence, uniq_grinder
D:6:      layout_rooms, fedhas_altar_decomposition, gammafunk_ghost_grave
D:7:      layout_loops_ring, mainiacjoe_overflow_24_doors,
          general_overflow_altar, grunt_decor_fettered, minmay_quadrilaterals,
          uniq_joseph
D:8:      layout_basic
D:9:      layout_rooms, kennysheep_mini, serial_shops, nicolae_shop_crystal,
          kennysheep_donut
D:10:     layout_irregular_city, lair_entry_dummy, dreamdust_gnoll_shepherd
D:11:     minmay_separated_statues, layout_rooms, ebering_ghost_reflecting_pool,
          solitary_fountain, nrook_uturn
D:12:     layout_rooms, minmay_rotating_lava
Temple:   eino_temple_rhombus
Lair:1:   layout_cave_shapes, chequers_serial_rivers_room_a
Lair:2:   layout_roguey, nicolae_spider_entry_orb_guardian,
          beast_lair_carwin_10, uniq_fannar
Lair:3:   layout_cave_pods, minmay_shoals_entry_centaurs,
          chequers_serial_rivers_marsh, lemuel_fruit_tree, uniq_snorg

Skill      XL: |  1  2  3  4  5  6  7  8  9 10 11 12 |
---------------+-------------------------------------+-----
Earth Magic    | 3 4 5 6 7 9 10 11 | 11.8
Stealth        | 2 3 4 5 |  5.3
Spellcasting   | 3 4 5 6 8 9 10 11 | 11.2
Dodging        | 2 3 4 |  4.9
Fighting       | 1 2 3 |  3.4
Short Blades   | 1 2 |  2.4
Shields        | 1 2 |  2.4
Armour         | 1 2 3 |  3.8
Conjurations   | 4 7 8 |  8.1
Transmutations | |  0.8
Ice Magic      | |  0.6

Action                   |  1- 3 |  4- 6 |  7- 9 | 10-12 || total
-------------------------+-------+-------+-------+-------++-------
Melee: Mace              |     4 |       |       |       ||     4
       Dagger            |    34 |    12 |    65 |   106 ||   217
       Punch             |       |     1 |     1 |     3 ||     5
       Tailslap          |       |       |       |    13 ||    13
 Cast: Sandblast         |    42 |    43 |   196 |    15 ||   296
       Ensorcelled Hiber |       |     1 |       |       ||     1
       Stone Arrow       |       |       |       |   334 ||   334
       Mephitic Cloud    |       |       |       |     1 ||     1
Evoke: Wand              |       |       |       |     1 ||     1
  Use: Potion            |     1 |     2 |     2 |    15 ||    20
       Scroll            |       |     9 |     7 |     7 ||    23
 Stab: Sleeping          |     5 |     1 |     9 |     6 ||    21
       Distracted        |       |       |       |     1 ||     1
Armor: Robe              |     7 |    12 |    22 |       ||    41
       Leather armour    |       |       |    34 |    22 ||    56
       Troll leather arm |       |       |       |   100 ||   100
       Skin              |       |       |       |     1 ||     1
Dodge: Dodged            |    31 |    29 |   139 |   269 ||   468
Block: Other             |     6 |     2 |    33 |    58 ||    99
